Map: Kairos Junction LE

Players

llllllllllll (Oliveira)

  • Race: Terran Terran
  • League: Master
  • Spawn Location: 11:00

Serral - Winner!

  • Race: Zerg Zerg
  • League: Grandmaster
  • Spawn Location: 5:00

Event: 2019 Assembly Summer

VOD

Have the link to the VOD?

Description

Time

  • Played on: Aug. 3, 2019, 9:41 a.m.
  • Length: 11:21

All games in this series

Show
View Real Time Build Order
Export as new Build Order

llllllllllll Terran 

Build Orders: 2 Factory, Hellion Opening, Reaper Expand, Mech 

Get SALT Encoding   

  12  0:00  SCV  
  13  0:13  SCV  
  14  0:17  Supply Depot  
  14  0:25  SCV  
  15  0:38  SCV  
  15  0:39  Barracks  
  16  0:44  Refinery  
  16  0:50  SCV  
  17  1:02  SCV  
  18  1:15  SCV  
  19  1:27  Reaper, Orbital Command  
  20  1:42  Command Center  
  20  1:50  Supply Depot  
  20  1:52  SCV  
  21  1:58  Marine  
  22  2:04  SCV  
  23  2:08  Factory  
  23  2:15  Refinery  
  23  2:16  SCV  
  23  2:20  Barracks Reactor  
  24  2:31  SCV  
  25  2:43  SCV  
  26  2:52  Factory  
  26  2:54  Orbital Command  
  26  2:55  SCV  
  27  3:01  Hellion x2  
  27  3:03  Marine  
  32  3:08  SCV  
  33  3:20  SCV x2  
  33  3:22  Hellion  
  33  3:23  Hellion  
  33  3:26  Supply Depot  
  39  3:28  Marine  
  39  3:32  SCV  
  39  3:33  SCV  
  42  3:36  Factory Tech Lab  
  42  3:44  Hellion x2  
  42  3:48  SCV x2  
  48  3:51  Supply Depot, Barracks Tech Lab  
  48  3:58  Cyclone  
  48  4:00  SCV  
  48  4:02  Infernal Pre-Igniter  
  52  4:03  SCV  
  53  4:12  Hellion  
  53  4:14  Supply Depot  
  53  4:16  Hellion  
  57  4:17  SCV  
  57  4:18  SCV  
  59  4:29  SCV  
  60  4:34  Hellion  
  60  4:35  Cyclone, SCV  
  60  4:36  Supply Depot  
  60  4:38  Hellion  
  68  4:41  SCV  
  69  4:47  SCV  
  70  4:55  SCV  
  70  4:57  Command Center  
  70  4:58  Hellion  
  70  4:59  Hellion  
  75  5:04  Refinery, SCV  
  75  5:05  Refinery  
  76  5:11  Cyclone  
  79  5:15  SCV  
  79  5:20  Hellion  
  82  5:22  Factory  
  82  5:32  Hellion  
  84  5:47  Hellion  
  86  5:50  Armory  
  86  5:51  Armory  
  86  6:02  Supply Depot  
  86  6:08  Cyclone, SCV  
  86  6:09  Hellion  
  87  6:21  Cyclone, Hellion, Orbital Command  
  87  6:23  SCV  
  87  6:25  SCV  
  94  6:27  Factory  
  94  6:28  Factory  
  94  6:32  Hellion  
  96  6:33  Mag-Field Accelerator  
  96  6:35  SCV  
  93  6:40  Cyclone  
  75  6:47  Hellion  
  75  6:48  SCV  
  75  6:50  SCV  
  75  6:53  Orbital Command  
  77  6:54  Cyclone, Hellion  
  82  7:03  Terran Vehicle Weapons Level 1  
  82  7:04  Terran Vehicle And Ship Armor Level 1  
  82  7:09  Hellion, SCV x2  
  82  7:13  Factory Reactor, Factory Tech Lab  
  86  7:16  Hellion  
  86  7:18  SCV  
  86  7:21  SCV  
  88  7:30  Siege Tank  
  88  7:34  SCV x2  
  88  7:35  SCV  
  88  7:36  Siege Tank x2  
  98  7:40  Supply Depot  
  102  7:44  Hellion x2  
  102  7:54  Hellion x2  
  102  7:56  Supply Depot, SCV  
  102  7:58  Supply Depot  
  92  8:06  Siege Tank  
  92  8:07  Hellion x2  
  92  8:08  SCV x2  
  90  8:20  Hellion x2  
  90  8:21  Siege Tank  
  90  8:25  Siege Tank  
  90  8:26  SCV  
  99  8:28  Hellion, SCV  
  99  8:30  SCV  
  99  8:34  Hellion  
  105  8:38  SCV  
  105  8:40  SCV  
  107  8:42  Cyclone, SCV  
  107  8:43  Hellion  
  107  8:44  Hellion  
  113  8:53  Cyclone  
  116  8:56  Hellion x2  
  116  8:57  SCV x2  
  122  9:04  Supply Depot  
  120  9:12  Cyclone, Hellion x2  
  120  9:14  Cyclone  
  127  9:22  Hellion x2  
  124  9:25  Cyclone  
  124  9:30  SCV x2  
  129  9:32  Supply Depot  
  129  9:35  Hellion x2  
  133  9:45  Cyclone, Hellion x2  
  140  9:46  Cyclone  
  137  9:59  Cyclone  
  138  10:00  Supply Depot, Hellion x2  
  138  10:01  Supply Depot  
  123  10:15  Hellion x2  
  127  10:23  Cyclone, Hellion x2  
  111  10:45  Cyclone, Hellion x2  
  111  10:46  Cyclone  
  93  10:57  Hellion x2  
Show
View Real Time Build Order
Export as new Build Order

Serral Zerg - Winner!

Build Orders: Hatch First 

Get SALT Encoding   

  12  0:00  Drone  
  13  0:12  Overlord  
  13  0:17  Drone  
  14  0:31  Drone x2  
  16  0:48  Hatchery  
  15  0:51  Drone  
  15  0:55  Drone  
  17  0:58  Drone  
  18  1:09  Extractor  
  17  1:13  Spawning Pool  
  17  1:17  Drone  
  17  1:20  Drone  
  18  1:28  Drone  
  19  1:38  Drone  
  20  1:59  Overlord  
  20  2:00  Queen x2  
  20  2:01  Zergling x4  
  26  2:11  Drone x2  
  26  2:12  Metabolic Boost  
  28  2:24  Drone  
  28  2:25  Drone  
  30  2:33  Overlord  
  30  2:35  Queen, Zergling x2  
  33  2:39  Spore Crawler  
  32  2:48  Drone x2  
  35  2:54  Drone x2  
  37  3:01  Hatchery  
  36  3:10  Drone x2, Overlord  
  36  3:12  Drone  
  39  3:14  Drone  
  39  3:16  Drone  
  41  3:20  Queen  
  41  3:26  Drone  
  44  3:30  Overlord  
  44  3:32  Drone  
  45  3:39  Drone x2  
  47  3:43  Drone x3, Overlord  
  47  3:46  Zergling x4  
  52  3:49  Overlord  
  52  3:55  Overlord  
  52  4:02  Zergling x2  
  53  4:05  Queen  
  53  4:06  Drone, Baneling Nest  
  55  4:12  Drone x3  
  55  4:13  Drone  
  55  4:16  Queen  
  60  4:19  Drone x2  
  60  4:23  Zergling x2  
  63  4:26  Zergling x4  
  63  4:29  Lair  
  65  4:32  Spore Crawler  
  65  4:35  Spore Crawler, Zergling x2  
  65  4:36  Zergling x2  
  65  4:39  Drone x2  
  65  4:40  Drone  
  65  4:43  Spore Crawler  
  67  4:47  Overlord  
  67  4:49  Drone x3  
  70  4:53  Queen  
  70  4:57  Overlord  
  70  4:59  Drone x2  
  73  5:00  Drone  
  73  5:02  Drone x2  
  73  5:05  Extractor  
  75  5:09  Overlord  
  75  5:11  Extractor  
  75  5:12  Zergling x2  
  75  5:13  Baneling x3  
  75  5:14  Baneling  
  75  5:15  Drone x4  
  75  5:21  Overlord  
  79  5:26  Baneling x6  
  79  5:30  Roach Warren  
  79  5:31  Zergling x2  
  79  5:32  Zergling x8  
  79  5:35  Overlord  
  78  5:37  Queen  
  78  5:40  Queen  
  81  5:46  Zergling x8  
  85  5:50  Centrifical Hooks  
  85  6:01  Zergling x2  
  85  6:02  Zergling x18  
  89  6:15  Zergling x12  
  94  6:20  Glial Reconstitution  
  94  6:29  Roach x3  
  94  6:47  Drone x5  
  84  6:48  Drone  
  84  6:51  Ravager x3  
  84  6:54  Drone x3  
  92  6:56  Roach x6  
  92  6:57  Queen x3  
  92  6:59  Extractor  
  107  7:05  Overlord  
  107  7:08  Evolution Chamber, Extractor  
  106  7:09  Extractor  
  106  7:12  Overlord  
  106  7:15  Roach x2  
  108  7:16  Drone x3  
  108  7:22  Ravager x2  
  113  7:28  Drone x3  
  115  7:36  Drone x2  
  114  7:45  Drone x2  
  114  7:46  Zerg Missile Weapons Level 1  
  114  7:47  Drone  
  114  7:49  Evolution Chamber  
  114  7:54  Hatchery, Roach x4  
  118  8:16  Drone x2  
  107  8:20  Roach  
  107  8:21  Roach x2, Zergling x14  
  107  8:24  Zerg Melee Weapons Level 1  
  107  8:26  Drone  
  119  8:28  Roach  
  119  8:29  Roach  
  123  8:34  Ravager  
  123  8:35  Ravager x5  
  123  8:38  Overlord x3  
  129  8:58  Drone x3  
  132  9:04  Drone x2  
  132  9:06  Drone  
  132  9:10  Roach x2, Zergling x2  
  132  9:11  Roach, Zergling x12  
  139  9:17  Infestation Pit  
  139  9:23  Drone x5  
  141  9:26  Spine Crawler  
  141  9:27  Drone  
  141  9:30  Zergling x16  
  149  9:33  Pneumatized Carapace  
  149  9:40  Baneling x14  
  149  9:44  Queen  
  151  9:47  Hatchery, Spine Crawler  
  140  9:54  Roach x2  
  140  9:55  Roach x2, Zergling x18  
  140  9:58  Ravager x4  
  141  10:12  Roach x3, Zergling x2  
  141  10:13  Roach, Zergling x6  
  140  10:15  Baneling x4  
  140  10:16  Ravager x4  
  140  10:21  Overlord x4  
  129  10:39  Roach x9  
  140  10:44  Zergling x10  
  140  10:46  Ravager x3  
  147  10:54  Roach x3, Zergling x2  
Tags
 
Add a new tag
Caveats
  • Supply blocks, unpowered buildings, or Contaminate may cause inaccurate times.
  • Supply counts are checked every 10 seconds.